 Dungeon Crawl Stone Soup version 0.27-a0-1434-g6f15984 (webtiles) character file.

Game seed: 1906709805418919429

366 Meow the Chiller (level 6, 0/45 HPs)
             Began as a Ghoul Ice Elementalist on July 3, 2021.
             Slain by a quokka zombie (4 damage)
             ... in an ossuary.
             The game lasted 00:16:13 (3661 turns).

Meow the Chiller (Ghoul Ice Elementalist)           Turns: 3661, Time: 00:16:14

Health: 0/45       AC:  2    Str: 12    XL:     6   Next: 68%
Magic:  8/11       EV: 12    Int: 12    God:
Gold:   60         SH:  5    Dex:  9    Spells: 6/13 levels left

rFire    . . .     SeeInvis .   (no weapon)
rCold    + . .     Faith    .   (no shield)
rNeg     + + +     Spirit   .   l - +0 robe
rPois    ∞         Reflect  +   (no helmet)
rElec    .         Harm     .   (no cloak)
rCorr    .         Rampage  .   (no gloves)
Will     .....                  (no boots)
Stlth    ++........             i - amulet of reflection
HPRegen  0.00/turn              c - ring of wizardry
MPRegen  0.12/turn              (no ring)

@: no status effects
A: claws 1, cold resistance 1, negative energy resistance 3, inhibited
regeneration, torment resistance 2
a: no special abilities


You were in an ossuary.
You visited 1 branch of the dungeon, and saw 5 of its levels.
You also visited: Ossuary.

You collected 60 gold pieces.

Inventory:

Hand Weapons
 a - a +0 hunting sling
Missiles
 e - 16 arrows
 g - 58 sling bullets
 k - 149 stones (quivered)
 o - 6 poisoned darts
 r - 7 atropa-tipped darts
Armour
 l - a +0 robe (worn)
Jewellery
 c - a ring of wizardry (left claw)
 i - an amulet of reflection (around neck)
Wands
 s - a wand of iceblast (4)
Scrolls
 d - a scroll of amnesia {unknown}
 j - a scroll of fog {unknown}
 p - a scroll of enchant armour {unknown}
 q - a scroll of identify {unknown}
 t - a scroll of blinking {unknown}


   Skills:
 - Level 1.7 Dodging
 - Level 2.1 Stealth
 - Level 4.0 Spellcasting
 + Level 7.0 Ice Magic


You had 6 spell levels left.
You knew the following spells:

 Your Spells              Type           Power      Damage    Failure   Level
a - Freeze                Ice            76%        1d9       1%          1
e - Ozocubu's Armour      Ice            19%        N/A       1%          3
f - Frozen Ramparts       Ice            38%        1d5       1%          3

Your spell library contained the following spells:

 Spells                   Type           Power      Damage    Failure   Level
 Ensorcelled Hibernation  Hex/Ice        20%        N/A       3%          2
 Slow                     Hex            2%         N/A       13%         2
 Hailstorm                Conj/Ice       10%        3d5       21%         4
 Confusing Touch          Hex            2%         N/A       26%         3
 Yara's Violent Unravell  Hex/Tmut       1%         3d3       91%         5
 Shadow Creatures         Summ           N/A        N/A       100%        6
 Spider Form              Tmut/Pois      Unusable   N/A       N/A         3

Dungeon Overview and Level Annotations

Branches:
Dungeon (5/15)            Ossuary (1/1)
 Temple: D:4-7

Altars:
Kikubaaqudgha


Innate Abilities, Weirdness & Mutations

You thrive by killing the living.
You are immune to poison.
You have sharp fingernails.
Your flesh is cold resistant. (rC+)
You are immune to negative energy. (rN+++)
You do not regenerate when monsters are visible.
You are immune to unholy pain and torment.


Message History

You scratch the elf zombie.
You destroy the elf zombie!
Your icy armour starts to melt.
Your Ice Magic skill increases to level 7!
You scratch the quokka zombie.
The quokka zombie is severely damaged.
The quokka zombie barely misses you.
You scratch the quokka zombie.
You destroy the quokka zombie!
You scratch the adder zombie.
The adder zombie is moderately damaged.
The adder zombie bites you but does no damage.
You scratch the adder zombie.
The adder zombie is heavily damaged.
The adder zombie bites you but does no damage.
You scratch the adder zombie.
The adder zombie is severely damaged.
You block the adder zombie's attack.
You scratch the adder zombie.
The adder zombie is severely damaged.
Your icy armour evaporates.
You block the adder zombie's attack. x2
You barely miss the adder zombie.
The adder zombie is severely damaged.
The adder zombie bites you.
* * * LOW HITPOINT WARNING * * *
You barely miss the adder zombie.
The adder zombie is severely damaged.
The adder zombie bites you.
* * * LOW HITPOINT WARNING * * *
You scratch the adder zombie.
You destroy the adder zombie!
You barely miss the quokka zombie.
The quokka zombie is moderately damaged.
The quokka zombie bites you.
* * * LOW HITPOINT WARNING * * *
You scratch the quokka zombie.
The quokka zombie is heavily damaged.
The quokka zombie bites you.
You die...

#.....#
##...## #...#
##...##
#.....#
##...## #...#
#
##'####.###.#
#^^@#........
#^∩^Z........
#^^^#........
#######.###.#
## #


You could see a quokka zombie.

Vanquished Creatures
  2 elf zombies (Ossuary)
  A hound (D:5)
  2 iguanas
  3 mummies (Ossuary)
  3 adders
  An adder zombie (Ossuary)
  A worm (D:3)
  2 dart slugs
  An orc (D:3)
  2 endoplasms (D:1)
  A giant cockroach (D:3)
  4 goblins
  4 hobgoblins
  7 jackals
  5 kobolds
  3 quokkas (D:1)
  6 ball pythons
  8 bats
  A frilled lizard (D:1)
  3 goblin zombies (Ossuary)
  3 hobgoblin zombies (Ossuary)
  5 quokka zombies (Ossuary)
  4 rats
  A rat zombie (Ossuary)
73 creatures vanquished.

Notes
Turn   | Place    | Note
-------+----------+-------------------------------------------
     0 | D:1      | Meow the Ghoul Ice Elementalist began the quest for the
                  | Orb.
     0 | D:1      | Reached XP level 1. HP: 14/14 MP: 2/2
   220 | D:1      | Reached XP level 2. HP: 20/20 MP: 2/4
   622 | D:1      | Reached XP level 3. HP: 17/26 MP: 0/5
   760 | D:1      | Reached skill level 5 in Ice Magic
   764 | D:1      | Learned a level 3 spell: Frozen Ramparts
  1398 | D:2      | Learned a level 3 spell: Ozocubu's Armour
  1403 | D:2      | Found a faded altar of an unknown god.
  1780 | D:3      | Reached XP level 4. HP: 33/33 MP: 4/7
  2179 | D:3      | Found an ancient bone altar of Kikubaaqudgha.
  2813 | D:4      | Reached XP level 5. HP: 38/38 MP: 3/8
  2878 | D:4      | You fall into a shaft and drop 1 floor!
  2878 | D:5      | Entered Level 5 of the Dungeon
  2909 | D:5      | Found a sand-covered staircase.
  2937 | D:5      | Reached skill level 6 in Ice Magic
  3018 | Ossuary  | Entered an ossuary
  3090 | Ossuary  | Reached XP level 6. HP: 3/45 MP: 4/10
  3651 | Ossuary  | Reached skill level 7 in Ice Magic
  3661 | Ossuary  | Slain by a quokka zombie

Illustrated notes

Levels and vault maps discovered:
D:1:      lemuel_arrival_behind_the_door_small, layout_rooms,
          chequers_decorated_corner
D:2:      layout_basic, ebering_ecumenical_altar_webs
D:3:      layout_basic, kiku_gazebo_garden_becter
D:4:      layout_basic, hex_tiny
D:5:      layout_basic, minitemple, enter_ossuary_1, serial_shops,
          nicolae_shop_behind_doors, uniq_menkaure
Ossuary:  ossuary_minmay_chase

Skill      XL: |  1  2  3  4  5  6 |
---------------+-------------------+-----
Spellcasting   | 2 3 4 |  4.0
Ice Magic      | 5 6 7 |  7.0
Dodging        | |  1.7
Stealth        | |  2.1

Action                   |  1- 3 |  4- 6 || total
-------------------------+-------+-------++-------
Melee: Unarmed           |     4 |    79 ||    83
 Fire: Hunting sling     |    18 |    60 ||    78
Throw: Stone             |     1 |     1 ||     2
 Cast: Freeze            |    51 |    21 ||    72
       Frozen Ramparts   |       |     9 ||     9
       Ozocubu's Armour  |       |     2 ||     2
Evoke: Wand              |       |     4 ||     4
  Use: Scroll            |       |     4 ||     4
       Potion            |       |     6 ||     6
Armor: Robe              |     4 |    21 ||    25
Dodge: Dodged            |    17 |    54 ||    71
Block: Other             |     1 |    26 ||    27
       Reflection        |       |     1 ||     1

Table legend: (Time is in decaauts)
 A = Elapsed time spent in this place.
 B = Non-inter-level travel time spent in this place.
 C = Inter-level travel time spent in this place.
 D = Time resting spent in this place.
 E = Time spent auto-exploring this place.
 F = Levels seen in this place.
 G = Mean time per level.
                   A        B        C        D        E       F      G
               +--------+--------+--------+--------+--------+-----+--------+
         Total |   3672 |   3593 |     79 |   1049 |   1718 |   6 |  612.0 |
       Dungeon |   3028 |   2949 |     79 |    667 |   1627 |   5 |  605.6 |
       Ossuary |    644 |    644 |      0 |    382 |     91 |   1 |  644.0 |
               +--------+--------+--------+--------+--------+-----+--------+

Top non-repeatable levels by time:
     D:3: 1066 daAuts
     D:1: 1046 daAuts
     D:2: 693 daAuts
 Ossuary: 644 daAuts
     D:5: 140 daAuts
     D:4: 80 daAuts
